[Event "January 2 Early 2024"]
[Site "https://www.chess.com"]
[Date "2024.01.02"]
[Round "1"]
[White "Kohler, Aran"]
[Black "Sowa, Ryan"]
[Result "0-1"]
[Board "246"]
[TimeControl "180+1"]
[WhiteFideId "1002856"]
[BlackFideId "30901693"]
[WhiteElo "2202"]
[BlackElo "2604"]
[WhiteTeam "NED"]
[BlackTeam "USA"]
[WhiteClock "0:00:08"]
[BlackClock "0:00:15"]

1. Nf3 b6 2. d4 Bb7 3. Bg5 g6 4. c3 Bg7 5. Nbd2 d6 6. e3 Nd7 7. Bd3 c5 8. h4 h6 9. Bf4 Ngf6 10. Qe2 a6 11. O-O-O Qc7 12. Bh2 b5 13. Kb1 O-O 14. Rhg1 cxd4 15. exd4 Nd5 16. Rc1 e5 17. dxe5 dxe5 18. h5 g5 19. g4 Nc5 20. Bf5 Nf4 21. Bxf4 exf4 22. Nb3 Rfe8 23. Qd1 Nxb3 24. axb3 Rad8 25. Nd4 b4 26. Re1 bxc3 27. Rxe8+ Rxe8 28. bxc3 Qb6 29. Kb2 Rd8 30. Qd3 a5 31. Bh7+ Kh8 32. Be4 Ba6 33. Qc2 a4 34. Nf5 axb3 35. Qxb3 Qxf2+ 36. Rc2 Qe1 37. Nxg7 Qxe4 38. Nf5 Qa8 39. c4 Rb8 40. Rc3 Rxb3+ 41. Kxb3 Bc8 42. Nd6 Be6 43. Nb5 Qg2 44. Kb4 f3 45. c5 f2 46. c6 f1=Q 47. c7 Qb1+ 48. Kc5 Qd5+ 0-1

[Event "January 2 Early 2024"]
[Site "https://www.chess.com"]
[Date "2024.01.02"]
[Round "1"]
[White "Sadykov, Ramil"]
[Black "Franchini, Gabriele"]
[Result "1-0"]
[Board "247"]
[TimeControl "180+1"]
[WhiteFideId "24113590"]
[BlackFideId "806790"]
[WhiteElo "2604"]
[BlackElo "2199"]
[WhiteTeam "FID"]
[BlackTeam "ITA"]
[WhiteClock "0:00:02"]
[BlackClock "0:00:10"]

1. e4 e6 2. d4 d5 3. e5 c5 4. c3 Nc6 5. Nf3 Bd7 6. Be2 Nge7 7. Na3 cxd4 8. cxd4 Nf5 9. Nc2 a5 10. h4 h5 11. Bg5 Qb6 12. Rb1 Nb4 13. Nxb4 axb4 14. a3 bxa3 15. bxa3 Qa7 16. Qb3 Bxa3 17. Qxb7 O-O 18. Qxa7 Rxa7 19. Kd2 Rfa8 20. Bd3 Bf8 21. Bxf5 exf5 22. Rhc1 Ra2+ 23. Rc2 g6 24. Rbb2 Ra1 25. Rc7 Ba4 26. Bf6 Rd1+ 27. Ke3 Bh6+ 28. Ng5 Re1+ 29. Kf4 Rd1 30. Ke3 Re1+ 31. Kf3 Rd1 32. Rbb7 Be8 33. Re7 Ra3+ 34. Ke2 Rad3 35. Rxe8+ Bf8 36. Rxf8+ Kxf8 37. Rb8# 1-0

[Event "January 2 Early 2024"]
[Site "https://www.chess.com"]
[Date "2024.01.02"]
[Round "1"]
[White "RaneshRatnesan"]
[Black "Luo, Terry"]
[Result "0-1"]
[Board "248"]
[TimeControl "180+1"]
[BlackFideId "30931045"]
[WhiteElo "2197"]
[BlackElo "2602"]
[BlackTeam "USA"]
[WhiteClock "0:00:42"]
[BlackClock "0:01:43"]

1. d4 Nf6 2. c4 e6 3. Nc3 d5 4. Bf4 Be7 5. e3 O-O 6. Nf3 b6 7. cxd5 exd5 8. Bd3 Bb7 9. O-O c5 10. Qe2 Nc6 11. Rac1 Re8 12. Rfd1 c4 13. Bb1 Bf8 14. b3 Na5 15. Qb2 Rc8 16. Ne5 Nd7 17. Qc2 g6 18. bxc4 Nxe5 19. Bxe5 Nxc4 20. Bg3 Ba3 21. Qb3 Bxc1 22. Rxc1 Nd2 23. Qb2 Nxb1 24. Qxb1 Qd7 25. Qb3 Rc4 26. Rd1 Rec8 27. Ne2 Qa4 28. Qd3 Ba6 29. Qd2 Rc2 0-1

[Event "January 2 Early 2024"]
[Site "https://www.chess.com"]
[Date "2024.01.02"]
[Round "1"]
[White "Grycel, Kamil"]
[Black "Ray, Sarathi"]
[Result "1-0"]
[Board "249"]
[TimeControl "180+1"]
[WhiteFideId "1115499"]
[BlackFideId "2032490"]
[WhiteElo "2602"]
[BlackElo "2195"]
[WhiteTeam "POL"]
[BlackTeam "USA"]
[WhiteClock "0:00:12"]
[BlackClock "0:00:00"]

1. d4 d5 2. Bf4 Nf6 3. e3 e6 4. Nf3 Bd6 5. Bg3 c5 6. c3 Qc7 7. Nbd2 Nbd7 8. c4 O-O 9. Rc1 Bxg3 10. hxg3 dxc4 11. Bxc4 Qa5 12. O-O b6 13. Nb3 Qxa2 14. dxc5 Qxb2 15. c6 Nc5 16. Nxc5 bxc5 17. Qd6 Ne4 18. Qf4 Nd2 19. Nxd2 Qxd2 20. Rfd1 Qb2 21. Qd6 Qf6 22. Qxc5 a5 23. Ra1 a4 24. Ra2 a3 25. Rxa3 Rxa3 26. Qxa3 Qe5 27. Qd6 Qc3 28. Be2 g6 29. c7 Bb7 30. Qd8 Qc5 31. Bf3 Bxf3 32. gxf3 Qb4 33. Rd7 Qb1+ 34. Kg2 1-0

[Event "January 2 Early 2024"]
[Site "https://www.chess.com"]
[Date "2024.01.02"]
[Round "1"]
[White "Gottstein, Claudius-Thomas"]
[Black "Maltsevskaya, Aleksandra"]
[Result "0-1"]
[Board "250"]
[TimeControl "180+1"]
[WhiteFideId "4653327"]
[BlackFideId "24174041"]
[WhiteElo "2191"]
[BlackElo "2600"]
[WhiteTeam "GER"]
[BlackTeam "POL"]
[WhiteClock "0:01:44"]
[BlackClock "0:02:38"]

1. Nf3 Nf6 2. c4 g6 3. Nc3 Bg7 4. g3 d6 5. Bg2 O-O 6. O-O e5 7. d4 exd4 8. Nxd4 Nbd7 9. b3 Nc5 10. Bb2 c6 11. Qd2 a5 12. Rfd1 Re8 13. e3 Nfe4 14. Nxe4 Nxe4 15. Qc2 Nc5 16. Ne2 Bf5 17. e4 Bxe4 18. Bxe4 Bxb2 19. Qxb2 Nxe4 20. Nc3 Qf6 21. Rab1 Nxc3 0-1

[Event "January 2 Early 2024"]
[Site "https://www.chess.com"]
[Date "2024.01.02"]
[Round "1"]
[White "Farahat, Ali"]
[Black "Sailer, Mike"]
[Result "1-0"]
[Board "251"]
[TimeControl "180+1"]
[WhiteFideId "10600507"]
[BlackFideId "2012901"]
[WhiteElo "2596"]
[BlackElo "2188"]
[WhiteTeam "USA"]
[BlackTeam "USA"]
[WhiteClock "0:01:00"]
[BlackClock "0:00:00"]

1. d4 d5 2. Nf3 Nf6 3. e3 Bf5 4. c4 e6 5. Nc3 Nc6 6. Qb3 Nb4 7. Kd2 a5 8. c5 Ng4 9. a3 Bc2 10. Qxc2 Nxc2 11. Kxc2 Nxf2 12. Rg1 Ne4 13. Nxe4 dxe4 14. Nd2 f5 15. g4 Qh4 16. gxf5 exf5 17. Nc4 Qf2+ 18. Bd2 Qxg1 19. Nd6+ Ke7 20. Nxf5+ Kf6 21. Ng3 Qxh2 22. Nxe4+ Ke7 23. Nc3 h5 24. Nd5+ Kd8 25. Nf4 g5 26. Ng6 Rg8 27. Ne5 Bg7 28. Nf3 Qf2 29. Nxg5 Bh6 30. Nf7+ Qxf7 31. Bd3 Rg2 32. Rf1 Qxf1 33. Bxf1 Bxe3 34. Bxg2 Bxd2 35. Kxd2 Ke7 36. Bxb7 Kf6 37. Bxa8 1-0

[Event "January 2 Early 2024"]
[Site "https://www.chess.com"]
[Date "2024.01.02"]
[Round "1"]
[White "Thiel, Thomas"]
[Black "Olenik Campa, Rudi"]
[Result "0-1"]
[Board "252"]
[TimeControl "180+1"]
[WhiteFideId "4615964"]
[BlackFideId "14633264"]
[WhiteElo "2184"]
[BlackElo "2594"]
[WhiteTeam "GER"]
[BlackTeam "SLO"]
[WhiteClock "0:00:51"]
[BlackClock "0:01:44"]

1. e4 e6 2. d4 d5 3. Nc3 Nc6 4. Nf3 Nf6 5. e5 Ne4 6. Bd3 Bb4 7. O-O Nxc3 8. bxc3 Bxc3 9. Rb1 a5 10. Bb5 Bd7 11. Qd3 Bb4 12. Ng5 h6 13. Nh3 O-O 14. f4 Be7 15. f5 exf5 16. Nf4 Be6 17. Bxc6 bxc6 18. Qg3 Kh8 19. Nh5 Rg8 20. Nf4 Bg5 21. Nd3 Be7 22. Nf4 Kh7 23. Rb3 c5 24. c3 a4 25. Rb6 cxb6 0-1

[Event "January 2 Early 2024"]
[Site "https://www.chess.com"]
[Date "2024.01.02"]
[Round "1"]
[White "Ambartsumova, Karina"]
[Black "Floresvillar Gonzalez, Luis Migu"]
[Result "1-0"]
[Board "253"]
[TimeControl "180+1"]
[WhiteFideId "4166299"]
[BlackFideId "5100542"]
[WhiteElo "2592"]
[BlackElo "2179"]
[WhiteTeam "RUS"]
[BlackTeam "MEX"]
[WhiteClock "0:02:28"]
[BlackClock "0:00:00"]

1. d4 d6 2. c4 g6 3. Nf3 Bg7 4. Nc3 f5 5. e4 fxe4 6. Nxe4 Nf6 7. Bd3 O-O 8. Bg5 Bg4 9. h3 Nxe4 10. hxg4 Rxf3 11. Bxe4 1-0

[Event "January 2 Early 2024"]
[Site "https://www.chess.com"]
[Date "2024.01.02"]
[Round "1"]
[White "Montano Vicente, Guadalupe"]
[Black "Zarnicki, Pablo"]
[Result "0-1"]
[Board "254"]
[TimeControl "180+1"]
[WhiteFideId "5181399"]
[BlackFideId "100137"]
[WhiteElo "2175"]
[BlackElo "2586"]
[WhiteTeam "MEX"]
[BlackTeam "ARG"]
[WhiteClock "0:00:10"]
[BlackClock "0:01:35"]

1. d4 Nf6 2. c4 g6 3. Nc3 Bg7 4. e4 O-O 5. h3 d6 6. Be3 Nbd7 7. Nf3 a6 8. Be2 c5 9. O-O Rb8 10. dxc5 Nxc5 11. Qc2 b5 12. cxb5 axb5 13. Bxc5 dxc5 14. Nxb5 Bb7 15. Nc3 Qa5 16. a3 Rfc8 17. Bc4 e6 18. Rab1 Nd7 19. Nd2 Ne5 20. Qa4 Qxa4 21. Nxa4 Nxc4 22. Nxc4 Bxe4 23. Rbd1 Bc2 24. Nab6 Bxd1 25. Nxc8 Be2 26. Ne7+ Kf8 27. Nc6 Bxf1 28. Nxb8 Bxc4 29. Nd7+ Ke7 30. Nxc5 Bxb2 31. a4 Bd4 32. Ne4 Bb6 33. Nd2 Bd5 34. Kf1 Ba5 35. Ke2 0-1

[Event "January 2 Early 2024"]
[Site "https://www.chess.com"]
[Date "2024.01.02"]
[Round "1"]
[White "Lund, Gunnar"]
[Black "Rose, Felix"]
[Result "0-1"]
[Board "255"]
[TimeControl "180+1"]
[WhiteFideId "1520814"]
[BlackFideId "5105722"]
[WhiteElo "2586"]
[BlackElo "2171"]
[WhiteTeam "NOR"]
[BlackTeam "MEX"]
[WhiteClock "0:00:14"]
[BlackClock "0:01:12"]

1. d4 d5 2. c4 e6 3. Nc3 Nf6 4. cxd5 exd5 5. Bg5 c6 6. e3 Be7 7. Bd3 Nbd7 8. Qc2 h6 9. Bh4 Nh5 10. Bxe7 Qxe7 11. O-O-O Nb6 12. Kb1 Be6 13. Nge2 O-O-O 14. h3 Kb8 15. Nc1 g6 16. Nb3 Ng7 17. Nc5 Bf5 18. Ka1 Bxd3 19. Qxd3 Nf5 20. Rc1 Nd6 21. b3 f5 22. N3a4 Ne4 23. Rc2 Nxa4 24. bxa4 Nxc5 25. Rxc5 Qe4 26. Qxe4 fxe4 27. Rc2 Rhf8 28. Rb1 Rf6 29. a5 a6 30. Rbb2 Rdf8 31. Kb1 Kc7 32. Kc1 g5 33. Kd1 h5 34. Ke1 g4 35. hxg4 hxg4 36. Re2 g3 37. fxg3 Rf1+ 38. Kd2 Rg8 39. Re1 Rf2+ 40. Re2 Rf1 41. Re1 Rf2+ 42. Kc1 Rxb2 43. Kxb2 Rxg3 44. Re2 Kd6 45. Kc3 c5 46. dxc5+ Kxc5 47. Kd2 Kb5 48. Kc3 Kxa5 49. Kd4 Rg5 50. Rb2 b5 51. Kc5 Ka4 52. Kb6 Rg6+ 53. Kc5 Rg3 54. Re2 Rg5 55. Kb6 a5 56. Kc5 b4 57. Rd2 Ka3 58. Kd4 a4 59. Kc5 b3 60. axb3 axb3 61. Rd4 b2 62. Rb4 Rxg2 63. Rb8 Ka2 64. Ra8+ Kb3 65. Kxd5 b1=Q 66. Rb8+ Kc2 67. Rxb1 Kxb1 68. Kxe4 Kc2 69. Kd5 Kc3 70. e4 Rd2+ 71. Kc5 Kd3 72. e5 Ke4 73. e6 Kf5 74. e7 Re2 75. Kd6 Kf6 0-1

[Event "January 2 Early 2024"]
[Site "https://www.chess.com"]
[Date "2024.01.02"]
[Round "1"]
[White "Tagliati, Eleonore"]
[Black "Shubenkova, Veronika"]
[Result "0-1"]
[Board "256"]
[TimeControl "180+1"]
[WhiteFideId "45172234"]
[BlackFideId "44124040"]
[WhiteElo "2170"]
[BlackElo "2585"]
[WhiteTeam "FRA"]
[BlackTeam "RUS"]
[WhiteClock "0:00:10"]
[BlackClock "0:00:26"]

1. e4 e6 2. d4 d5 3. e5 c5 4. c3 Nc6 5. Nf3 Qb6 6. a3 a5 7. Bd3 Bd7 8. Bc2 h6 9. O-O cxd4 10. cxd4 Nge7 11. Nc3 Na7 12. Na4 Bxa4 13. Bxa4+ Nec6 14. Rb1 Be7 15. Be3 O-O 16. Qd3 f5 17. exf6 Bxf6 18. Bc2 Ne7 19. Ne5 Bxe5 20. dxe5 Qb5 21. Qh7+ Kf7 22. b4 Rh8 23. Qd3 Qxd3 24. Bxd3 axb4 25. Rxb4 Nac6 26. Rxb7 Nxe5 27. Be2 Rhc8 28. Ra1 Nc4 29. Bxc4 Rxc4 30. g3 e5 31. Bd2 Kf6 32. Rb6+ Rc6 33. Rb5 d4 34. Bb4 Ng6 35. a4 e4 36. a5 Ne5 37. Rd5 Rc4 38. Bd6 Nc6 39. Bc7 d3 40. Rd6+ Ke7 41. Rd5 Nd4 42. Bb6 Ne2+ 43. Kg2 Nc3 44. a6 Nxd5 0-1

[Event "January 2 Early 2024"]
[Site "https://www.chess.com"]
[Date "2024.01.02"]
[Round "1"]
[White "Lima, Kleyton Alcantara"]
[Black "Guzman Lozano, Campo Elias"]
[Result "1-0"]
[Board "257"]
[TimeControl "180+1"]
[WhiteFideId "22718397"]
[BlackFideId "4403746"]
[WhiteElo "2584"]
[BlackElo "2170"]
[WhiteTeam "BRA"]
[BlackTeam "COL"]
[WhiteClock "0:01:15"]
[BlackClock "0:00:20"]

1. e4 a6 2. d4 b5 3. Nf3 Bb7 4. Bd3 e6 5. O-O Nf6 6. Nbd2 d6 7. Re1 Nbd7 8. c3 Be7 9. a4 bxa4 10. Rxa4 O-O 11. e5 Nd5 12. Ne4 N7b6 13. Ra1 Qd7 14. Bc2 f5 15. exf6 Nxf6 16. Nxf6+ Rxf6 17. Be4 d5 18. Ne5 Qe8 19. Bc2 c5 20. Bg5 Rf8 21. Qd3 Rf5 22. Bxe7 Qxe7 23. Qh3 g6 24. Bxf5 gxf5 25. Nf3 Qf6 26. Qg3+ Kh8 27. Qc7 Rg8 28. Qxb6 Bc8 29. Qd6 h6 30. Qe5 1-0

[Event "January 2 Early 2024"]
[Site "https://www.chess.com"]
[Date "2024.01.02"]
[Round "1"]
[White "Viana, Valeria"]
[Black "Weishaeutel, Moritz"]
[Result "0-1"]
[Board "258"]
[TimeControl "180+1"]
[WhiteFideId "8407100"]
[BlackFideId "12967300"]
[WhiteElo "2169"]
[BlackElo "2584"]
[WhiteTeam "HON"]
[BlackTeam "GER"]
[WhiteClock "0:02:31"]
[BlackClock "0:02:39"]

1. e4 e5 2. Nf3 Nf6 3. Nxe5 Nc6 4. Nxc6 dxc6 5. Nc3 Bc5 6. Be2 h5 7. d3 Ng4 8. O-O Qh4 9. h3 Bxf2+ 10. Kh1 Qg3 0-1

[Event "January 2 Early 2024"]
[Site "https://www.chess.com"]
[Date "2024.01.02"]
[Round "1"]
[White "Van Dael, Siem"]
[Black "Von Buelow, Georg"]
[Result "0-1"]
[Board "259"]
[TimeControl "180+1"]
[WhiteFideId "1049771"]
[BlackFideId "4620658"]
[WhiteElo "2582"]
[BlackElo "2168"]
[WhiteTeam "NED"]
[BlackTeam "GER"]
[WhiteClock "0:00:00"]
[BlackClock "0:00:08"]

1. e4 c5 2. Nf3 d6 3. d4 cxd4 4. Nxd4 Nf6 5. Nc3 a6 6. Be3 Ng4 7. Bc1 Nf6 8. f3 e6 9. Be3 b5 10. Qd2 Bb7 11. g4 Nfd7 12. O-O-O Nb6 13. a3 N8d7 14. Rg1 Rc8 15. Nb3 Ne5 16. Qf2 Nbc4 17. Bxc4 Nxc4 18. Bc5 Qc7 19. Bb4 d5 20. exd5 Bxb4 21. axb4 Nxb2 22. Nc5 Nxd1 23. Rxd1 Qf4+ 24. Rd2 Qxb4 25. N3e4 Rxc5 26. Nxc5 Bxd5 27. Rxd5 exd5 28. Qe3+ Kd8 29. Nd3 Qd6 30. Qa7 Re8 31. Qa8+ Ke7 32. Qb7+ Kf8 33. f4 d4 34. Ne5 Qe7 35. Qe4 f6 36. Qxh7 fxe5 37. f5 Qg5+ 0-1

[Event "January 2 Early 2024"]
[Site "https://www.chess.com"]
[Date "2024.01.02"]
[Round "1"]
[White "Yushko, Olga"]
[Black "Rodriguez, Santiago"]
[Result "1-0"]
[Board "260"]
[TimeControl "180+1"]
[WhiteFideId "14114500"]
[BlackFideId "3000591"]
[WhiteElo "2166"]
[BlackElo "2581"]
[WhiteTeam "UKR"]
[BlackTeam "URU"]
[WhiteClock "0:00:51"]
[BlackClock "0:00:00"]

1. d4 Nf6 2. c4 e6 3. Nc3 Bb4 4. Qc2 O-O 5. Nf3 c5 6. dxc5 Na6 7. a3 Bxc3+ 8. Qxc3 Nxc5 9. g3 Nce4 10. Qc2 d5 11. Bg2 Bd7 12. b4 dxc4 13. Ne5 Nd6 14. Bg5 Qc7 15. Rd1 Bb5 16. O-O Rac8 17. a4 Nf5 18. Bf4 Be8 19. Nd7 Qxd7 20. Rxd7 Bxd7 21. Bxb7 Rcd8 22. Bc7 Rde8 23. Rd1 Nd5 24. Bxd5 exd5 25. Rxd5 Be6 26. Rxf5 Bxf5 27. Qxf5 Rxe2 28. Qc5 Rc8 29. Qxa7 c3 30. Qa6 Ree8 31. Bf4 c2 32. Bc1 h5 33. Kg2 Ra8 34. Qb5 Reb8 35. Qc6 Rc8 36. Qd7 Rd8 37. Qb7 Rdb8 38. Qe4 Rxa4 39. Qxc2 Raxb4 40. Bf4 Rb2 41. Qf5 R8b5 42. Qc8+ Kh7 43. Be3 Re5 44. Qc3 Rbb5 45. Bf4 Rec5 46. Qd3+ Kg8 47. Qd8+ Kh7 48. Qe8 Rf5 49. Qe4 Kg8 50. Qa8+ Kh7 51. Qe8 Rbd5 52. h3 Ra5 53. Qe4 Kg8 54. g4 hxg4 55. hxg4 Rf6 56. Qe8+ Kh7 57. Qe4+ Kg8 58. Kg3 Ra3+ 59. f3 Raa6 60. Bg5 Rfe6 61. Qd5 Rad6 62. Qa8+ Kh7 63. Bf4 Ra6 64. Qb7 Rf6 65. g5 Rfc6 66. Qxf7 Ra3 67. Be5 Rg6 68. Kg4 Ra4+ 69. Kh5 Raa6 70. f4 Rae6 71. f5 1-0

[Event "January 2 Early 2024"]
[Site "https://www.chess.com"]
[Date "2024.01.02"]
[Round "1"]
[White "Aswath, S"]
[Black "Dargan, Paul A G"]
[Result "1-0"]
[Board "261"]
[TimeControl "180+1"]
[WhiteFideId "46694919"]
[BlackFideId "416762"]
[WhiteElo "2580"]
[BlackElo "2164"]
[WhiteTeam "IND"]
[BlackTeam "ENG"]
[WhiteClock "0:02:03"]
[BlackClock "0:01:17"]

1. c4 e5 2. g3 Nc6 3. Bg2 Bc5 4. Nc3 d6 5. Nf3 a6 6. d3 h5 7. Bg5 f6 8. Bd2 Nge7 9. a3 Ng6 10. Qc2 h4 11. d4 Nxd4 12. Qxg6+ Kf8 13. Nxd4 Bxd4 14. Bd5 Qe7 15. O-O-O f5 16. gxh4 c6 17. Bg5 Qe8 18. Qxd6+ 1-0

[Event "January 2 Early 2024"]
[Site "https://www.chess.com"]
[Date "2024.01.02"]
[Round "1"]
[White "Biriukov, Ilja"]
[Black "Munoz Galvez, Jhon Edison"]
[Result "0-1"]
[Board "262"]
[TimeControl "180+1"]
[WhiteFideId "4113373"]
[BlackFideId "4403797"]
[WhiteElo "2160"]
[BlackElo "2580"]
[WhiteTeam "RUS"]
[BlackTeam "COL"]
[WhiteClock "0:00:28"]
[BlackClock "0:00:58"]

1. d4 Nf6 2. Nc3 d5 3. Bf4 a6 4. Qd2 b5 5. O-O-O Bb7 6. f3 Nbd7 7. g4 h6 8. h4 c5 9. g5 hxg5 10. Bxg5 cxd4 11. Qxd4 e6 12. e4 Bc5 13. Qd2 Qb6 14. Kb1 dxe4 15. Nxe4 Bxe4 16. fxe4 O-O-O 17. Bg2 Ne5 18. Qe2 Rxd1+ 19. Qxd1 Rd8 20. Qe2 Bxg1 21. a3 Qf2 22. Qxf2 Bxf2 23. Rf1 Bg3 24. b3 Rd4 25. Bf4 Bxf4 26. Rxf4 Rd2 27. Bh3 Rh2 28. Bf1 Ng6 29. Rf3 Rxh4 30. a4 Ne5 31. Rc3+ Kb7 32. axb5 Rh1 33. bxa6+ Kb6 34. a7 Rxf1+ 35. Kb2 Kxa7 36. Rc5 Nfd7 37. Rc7+ Kb6 0-1

[Event "January 2 Early 2024"]
[Site "https://www.chess.com"]
[Date "2024.01.02"]
[Round "1"]
[White "Veljanoski, Andrej"]
[Black "Petersson, Kjell"]
[Result "1-0"]
[Board "263"]
[TimeControl "180+1"]
[WhiteFideId "15003604"]
[BlackFideId "1705148"]
[WhiteElo "2579"]
[BlackElo "2159"]
[WhiteTeam "MKD"]
[BlackTeam "SWE"]
[WhiteClock "0:00:12"]
[BlackClock "0:00:00"]

1. Nf3 f5 2. c4 Nf6 3. Nc3 e6 4. g3 d5 5. d4 c6 6. Bg2 Bd6 7. O-O O-O 8. Bf4 Bxf4 9. gxf4 Ne4 10. e3 Rf6 11. Ne5 Rh6 12. Nxe4 fxe4 13. f3 exf3 14. Qxf3 Nd7 15. Ng4 Rg6 16. Rad1 Nf6 17. Ne5 Rh6 18. h3 Bd7 19. Kh2 Be8 20. Rd2 Bh5 21. Qg3 Qe7 22. Rg1 Rf8 23. c5 Nd7 24. b4 Nxe5 25. dxe5 a6 26. a4 Rf5 27. e4 Rf8 28. b5 Be8 29. bxa6 bxa6 30. f5 exf5 31. exd5 cxd5 32. Bxd5+ Kh8 33. Rc2 Bxa4 34. Rc3 f4 35. Qg5 Qxg5 36. Rxg5 Bc6 37. Bc4 a5 38. e6 f3 39. e7 Re8 40. Rf5 Rf6 41. Rxf6 gxf6 42. Re3 Kg7 43. Kg3 f5 44. Re6 Bd7 45. Re5 Kf6 46. Rd5 Rxe7 47. c6 Bc8 48. Rd8 Rc7 49. Rd6+ Ke5 50. Rh6 Ke4 51. Kf2 a4 52. Rh4+ Ke5 53. Bb5 a3 54. Ra4 Be6 55. Rxa3 Bd5 56. Rc3 Kd6 57. Rd3 Kc5 58. Ba4 Bxc6 59. Bxc6 Rxc6 60. Kxf3 Rh6 61. Kf4 Rh5 62. Rd1 Kc4 63. Rh1 Kd4 64. h4 Kd5 65. Rh2 Ke6 66. Kg3 Ke5 67. Re2+ Kf6 68. Ra2 f4+ 69. Kg4 Rh6 70. Ra6+ Kg7 71. Ra7+ Kg6 72. h5+ Kf6 73. Rb7 f3 74. Rb3 Ke5 75. Re3+ Kd4 76. Rxf3 Re6 77. Rf4+ 1-0

[Event "January 2 Early 2024"]
[Site "https://www.chess.com"]
[Date "2024.01.02"]
[Round "1"]
[White "Adelman, Charles"]
[Black "Volkov, Sergei"]
[Result "1-0"]
[Board "264"]
[TimeControl "180+1"]
[WhiteFideId "2003597"]
[BlackFideId "4176588"]
[WhiteElo "2156"]
[BlackElo "2579"]
[WhiteTeam "USA"]
[BlackTeam "RUS"]
[WhiteClock "0:01:10"]
[BlackClock "0:00:00"]

1. Nf3 d5 2. b3 Nf6 3. Bb2 Bf5 4. g3 e6 5. c4 Nbd7 6. Bg2 h6 7. O-O Be7 8. d3 O-O 9. Nbd2 c6 10. Rc1 a5 11. a3 Bh7 12. Rc2 Re8 13. Qa1 Bf8 14. Rfc1 Qb6 15. Ne5 Nxe5 16. Bxe5 Ng4 17. Bd4 c5 18. Bb2 d4 19. Qb1 e5 20. Ba1 f5 21. Bd5+ Kh8 22. b4 axb4 23. axb4 Nf6 24. bxc5 Qxc5 25. Bg2 e4 26. Nb3 Qe7 27. Nxd4 exd3 28. exd3 f4 29. Qxb7 Bxd3 30. Qxe7 Bxe7 31. Bxa8 Bxc2 32. Bc6 Rd8 33. Rxc2 Bc5 34. Ne6 Rd1+ 35. Kg2 Rxa1 36. Nxc5 fxg3 37. hxg3 1-0

[Event "January 2 Early 2024"]
[Site "https://www.chess.com"]
[Date "2024.01.02"]
[Round "1"]
[White "Aggelis, Nikolaos"]
[Black "Hartikainen, Jarmo"]
[Result "1-0"]
[Board "265"]
[TimeControl "180+1"]
[WhiteFideId "4213220"]
[BlackFideId "503134"]
[WhiteElo "2579"]
[BlackElo "2144"]
[WhiteTeam "GRE"]
[BlackTeam "FIN"]
[WhiteClock "0:00:41"]
[BlackClock "0:00:00"]

1. c4 c5 2. Nf3 Nf6 3. g3 g6 4. Bg2 Bg7 5. d4 d5 6. O-O O-O 7. dxc5 dxc4 8. Qa4 Na6 9. Qxc4 Qa5 10. Be3 Nd7 11. a3 Bxb2 12. Ra2 Bg7 13. Rc1 Ne5 14. Qf4 Be6 15. Rac2 Qc7 16. Nd4 Rab8 17. Nxe6 fxe6 18. Qe4 Nc6 19. Qxe6+ Kh8 20. Nc3 Rbd8 21. Nd5 Qd7 22. Nf4 Nc7 23. Qxd7 Rxd7 24. Rb1 Na6 25. Ne6 Rc8 26. Nxg7 Kxg7 27. Rcb2 Rcc7 28. Bh3 Rd5 29. Rxb7 Rxb7 30. Rxb7 Nxc5 31. Rc7 Rd1+ 32. Kg2 Rd6 33. Bxc5 Nd4 34. Bxd6 1-0

[Event "January 2 Early 2024"]
[Site "https://www.chess.com"]
[Date "2024.01.02"]
[Round "1"]
[White "Jing, Andrew"]
[Black "Solovchuk, Oleksiy"]
[Result "0-1"]
[Board "266"]
[TimeControl "180+1"]
[WhiteFideId "30984076"]
[BlackFideId "14115220"]
[WhiteElo "2138"]
[BlackElo "2579"]
[WhiteTeam "USA"]
[BlackTeam "UKR"]
[WhiteClock "0:02:25"]
[BlackClock "0:02:18"]

1. d4 Nf6 2. c4 e6 3. g3 d5 4. Bg2 dxc4 5. Nf3 c5 6. O-O Nc6 7. dxc5 Qxd1 8. Rxd1 Bxc5 9. Nbd2 c3 10. bxc3 O-O 11. Nb3 Be7 12. Nfd4 Bd7 13. Nb5 Rac8 14. a4 a6 15. Nd6 Rc7 16. Ba3 Rd8 17. Nc5 Bc8 18. Ndxb7 Rxd1+ 19. Rxd1 Bxb7 20. Nxb7 Bxa3 21. Nd8 Nxd8 22. Rxd8+ Bf8 23. Ra8 Rxc3 24. Rxa6 Rc1+ 25. Bf1 g5 26. f3 Bc5+ 27. Kg2 Nd5 0-1

[Event "January 2 Early 2024"]
[Site "https://www.chess.com"]
[Date "2024.01.02"]
[Round "1"]
[White "Taboas Rodriguez, Daniel"]
[Black "KSho99"]
[Result "1-0"]
[Board "267"]
[TimeControl "180+1"]
[WhiteFideId "2208466"]
[WhiteElo "2575"]
[BlackElo "2137"]
[WhiteTeam "ESP"]
[WhiteClock "0:02:06"]
[BlackClock "0:00:36"]

1. d4 e6 2. c4 f5 3. g3 Nf6 4. Bg2 d5 5. Nh3 c6 6. O-O Bd6 7. Bf4 O-O 8. Nc3 b6 9. Bxd6 Qxd6 10. Nf4 Nbd7 11. Qb3 Bb7 12. Rac1 Rab8 13. Rfd1 Ba6 14. cxd5 cxd5 15. Nb5 Bxb5 16. Qxb5 Rfe8 17. Rc6 Qf8 18. Nxe6 Qf7 19. Ng5 Qe7 20. Bxd5+ 1-0

[Event "January 2 Early 2024"]
[Site "https://www.chess.com"]
[Date "2024.01.02"]
[Round "1"]
[White "hoshiboshi"]
[Black "Eynullayev, Atilla"]
[Result "0-1"]
[Board "268"]
[TimeControl "180+1"]
[BlackFideId "13413570"]
[WhiteElo "2134"]
[BlackElo "2569"]
[BlackTeam "AZE"]
[WhiteClock "0:00:01"]
[BlackClock "0:01:58"]

1. e4 e5 2. Nf3 Nf6 3. Nxe5 d6 4. Nc4 Nxe4 5. Qe2 Qe7 6. Ne3 Nc6 7. Nd5 Nd4 8. Nxe7 Nxe2 9. Nxc8 Nxc1 10. d3 Nc5 11. Nxa7 Rxa7 12. Nc3 N1b3 13. Nb5 Nxa1 14. Nxa7 Nxc2+ 15. Kd2 Nd4 16. b4 Nce6 17. Kc3 c5 18. g3 d5 19. Bg2 cxb4+ 20. Kb2 Bc5 21. Nc8 O-O 22. Bxd5 Rxc8 23. Bxb7 Rc7 24. Bd5 Ne2 25. Re1 Bd4+ 26. Kb3 Nc5+ 27. Kxb4 Bc3+ 0-1

[Event "January 2 Early 2024"]
[Site "https://www.chess.com"]
[Date "2024.01.02"]
[Round "1"]
[White "Teterev, Vitaly"]
[Black "th3d4rkness"]
[Result "1-0"]
[Board "269"]
[TimeControl "180+1"]
[WhiteFideId "13501429"]
[WhiteElo "2569"]
[BlackElo "2123"]
[WhiteTeam "BLR"]
[WhiteClock "0:00:19"]
[BlackClock "0:00:21"]

1. e4 c5 2. Nf3 Nc6 3. Bb5 g6 4. O-O Bg7 5. c3 Nf6 6. d4 cxd4 7. cxd4 O-O 8. d5 Nb8 9. e5 Ng4 10. Re1 a6 11. Bf1 d6 12. e6 fxe6 13. dxe6 Nc6 14. Nc3 b5 15. a4 b4 16. Nd5 Nce5 17. Nxe5 Nxf2 18. Nc6 Nxd1 19. Nxd8 Rxd8 20. Rxd1 Bxe6 21. Nxe7+ Kf7 22. Nc6 Rd7 23. Nd4 Bg4 24. Rd3 Be5 25. h3 Be6 26. Nxe6 Kxe6 27. Rb1 a5 28. Be3 Rc8 29. Rd2 Rdc7 30. Bd3 d5 31. Rdd1 d4 32. Bd2 Rc5 33. b3 Rc3 34. Bxc3 dxc3 35. Bc2 Rf8 36. Rd3 Rf4 37. Re1 Kf6 38. Rf3 g5 39. Rxf4+ Bxf4 40. Kf2 1-0